AoeStats
← Дитя Войны

Arena

510729470Analyzed
1v1 RM · 4h ago on Oct 2, 2026· 48m 44s· 2 players
Game mode
Random Map
Map size
Tiny (2 player)
Population
200
Speed
Normal
Resources
Standard
Victory
Conquest
Starting age
Dark Age
Ending age
Imperial Age
RankedLock teamsTeams togetherTeam positionsShared explorationLock speedFull tech treeHidden civsTurbo modeCheats
Victory
Defeat
🇷🇺 Poles · Russia
1065
+16
🇦🇺 Britons · Australia
1074
-16
Дитя Войны
4:05 Loom
13:11 Feudal Age
17:01 Castle Age
15:15 Horse Collar
15:39 Double-Bit Axe
18:34 Bow Saw
18:29 Heavy Plow
24:19 Fletching
25:28 Wheelbarrow
24:39 Town Watch
26:53 Bodkin Arrow
33:12 Imperial Age
32:04 Hand Cart
32:02 Szlachta Privileges
33:14 Forging
33:11 Scale Barding Armor
34:31 Conscription
34:48 Husbandry
34:59 Bloodlines
34:10 Cavalier
37:02 Crop Rotation
39:37 Conscription
41:36 Chemistry
40:17 Treadmill Crane
40:10 Elite Obuch
40:30 Light Cavalry
41:23 Stone Mining
42:53 Winged Hussar
44:51 Iron Casting
44:17 Scale Mail Armor
44:43 Ballistics
48:43 Murder Holes
48:59 Masonry
Mild_Inconvenience
8:35 Loom
11:19 Feudal Age
15:26 Castle Age
14:13 Double-Bit Axe
14:39 Horse Collar
17:22 Wheelbarrow
16:33 Town Watch
20:41 Fletching
24:25 Forging
24:10 Bodkin Arrow
25:33 Bodkin Arrow
30:20 Imperial Age
28:41 Man-at-Arms
35:06 Long Swordsman
36:51 Pikeman
Connection lost

Rejoining the realm…

Still unreachable

The connection could not be restored.

Session expired

The server has moved on; the page needs a fresh start.